TOP OF THE 1ST |
Trenton Thunder batting - Pitching for Corpus Christi Hooks : RHP Bill Garcia
|
Pitching: RHP Bill Garcia
|
|
Batting: RHB Phil Reeves
|
0-0: Ball 1-0: Ball 2-0: Swinging Strike 2-1: Foul Ball, location: 2F 2-2: Ball 3-2: Foul Ball, location: 2F 3-2: Foul Ball, location: 2F 3-2: Foul Ball, location: 2F 3-2: Fly out, F8 (Flyball, 8RXD, EV 108.1 MPH)
|
Batting: RHB Alex Colon
|
0-0: Foul Ball, location: 2F 0-1: Ball 1-1: Ball 2-1: Ground out 5-3 (Groundball, 5S, EV 61.9 MPH)
|
Batting: LHB Bobby Upton
|
0-0: Ball 1-0: Ground out 1-3 (Groundball, 23, EV 68.8 MPH)
|
Top of the 1st over - 0 runs, 0 hits, 0 errors, 0 left on base; Trenton 0 - Corpus Christi 0 |
BOTTOM OF THE 1ST |
Corpus Christi Hooks batting - Pitching for Trenton Thunder : RHP Aneirin Cadwallader
|
Pitching: RHP Aneirin Cadwallader
|
|
Batting: RHB Sean Mounts
|
0-0: Ball 1-0: Foul Ball, location: 2F 1-1: Ball 2-1: Fly out, F5 (Popup, 5, EV 78.1 MPH)
|
Batting: LHB Josh Birkner
|
0-0: Called Strike 0-1: Called Strike 0-2: Ball 1-2: Strikes out looking
|
Batting: RHB Bruce Bermudez
|
0-0: SOLO HOME RUN (Flyball, 7D, EV 93.8 MPH), Distance : 364 ft
|
Batting: RHB Andrew Pride
|
0-0: Called Strike 0-1: Ball 1-1: Ball 2-1: Ball 3-1: Foul Ball, location: 2F 3-2: Ground out 1-3 (Groundball, 13S, EV 66.2 MPH)
|
Bottom of the 1st over - 1 run, 1 hit, 0 errors, 0 left on base; Trenton 0 - Corpus Christi 1 |
TOP OF THE 2ND |
Trenton Thunder batting - Pitching for Corpus Christi Hooks : RHP Bill Garcia
|
Batting: RHB Jose Tovar
|
0-0: Called Strike 0-1: Ball 1-1: Ball 2-1: Ball 3-1: Fly out, F7 (Line Drive, 78M, EV 106.9 MPH)
|
Batting: SHB David Stewart
|
0-0: Called Strike 0-1: Ball 1-1: DOUBLE (Line Drive, 3D, EV 95.0 MPH)
|
Batting: RHB Sam Hubbert
|
0-0: Ball 1-0: Ball 2-0: Ball 3-0: Called Strike 3-1: Base on Balls
|
Batting: RHB Christian Shearer
|
0-0: Ball 1-0: Called Strike 1-1: Ground out 5-3 (Groundball, 5S, EV 66.9 MPH) David Stewart to third Sam Hubbert to second
|
Batting: RHB Nazeeh Zubair
|
0-0: Swinging Strike 0-1: Foul Ball, location: 2F 0-2: Ball 1-2: Strikes out swinging
|
Top of the 2nd over - 0 runs, 1 hit, 0 errors, 2 left on base; Trenton 0 - Corpus Christi 1 |
BOTTOM OF THE 2ND |
Corpus Christi Hooks batting - Pitching for Trenton Thunder : RHP Aneirin Cadwallader
|
Batting: RHB Masaru Konno
|
0-0: Ball 1-0: Fly out, F8 (Flyball, 8RXD, EV 107.5 MPH)
|
Batting: RHB Workneh Lagat
|
0-0: Swinging Strike 0-1: Ball 1-1: Swinging Strike 1-2: Fly out, F7 (Flyball, 7S, EV 81.9 MPH)
|
Batting: RHB Ryan Salas
|
0-0: SINGLE (Groundball, 4D, EV 95.0 MPH)
|
Batting: LHB Jackson Trottier
|
0-0: DOUBLE (Line Drive, 89XD, EV 102.5 MPH) Ryan Salas to third
|
Batting: RHB Reginald McDougall
|
0-0: Foul Ball, location: 2F 0-1: Ball 1-1: Ball 2-1: Swinging Strike 2-2: Ball 3-2: Foul Ball, location: 2F 3-2: Foul Ball, location: 2F 3-2: SINGLE (Groundball, 56D, EV 95.6 MPH) Ryan Salas scores Jackson Trottier to third Runner from 3rd tries for Home, SAFE, throw by LF to home Reginald McDougall to second
|
Batting: RHB Sean Mounts
|
0-0: Called Strike 0-1: Ball 1-1: Ball 2-1: Ball 3-1: Ground out 6-3 (Groundball, 6, EV 91.9 MPH)
|
Bottom of the 2nd over - 2 runs, 3 hits, 0 errors, 1 left on base; Trenton 0 - Corpus Christi 3 |
TOP OF THE 3RD |
Trenton Thunder batting - Pitching for Corpus Christi Hooks : RHP Bill Garcia
|
Batting: RHB Dale Altman
|
0-0: Foul Ball, location: 2F 0-1: Swinging Strike 0-2: Strikes out looking
|
Batting: RHB Phil Reeves
|
0-0: Ball 1-0: SINGLE (Flyball, 3D, EV 96.2 MPH)
|
Batting: RHB Alex Colon
|
0-0: Called Strike 0-1: Ball Phil Reeves is caught stealing 2nd base 2-4 1-1: Ground out 6-3 (Groundball, 6, EV 102.5 MPH)
|
Top of the 3rd over - 0 runs, 1 hit, 0 errors, 0 left on base; Trenton 0 - Corpus Christi 3 |
BOTTOM OF THE 3RD |
Corpus Christi Hooks batting - Pitching for Trenton Thunder : RHP Aneirin Cadwallader
|
Batting: LHB Josh Birkner
|
0-0: Swinging Strike 0-1: Called Strike 0-2: Fly out, F7 (Line Drive, 78S, EV 109.4 MPH)
|
Batting: RHB Bruce Bermudez
|
0-0: Called Strike 0-1: Foul Ball, location: 2F 0-2: Foul Ball, location: 2F 0-2: Ball 1-2: Strikes out looking
|
Batting: RHB Andrew Pride
|
0-0: Ball 1-0: Ball 2-0: Called Strike 2-1: Foul Ball, location: 2F 2-2: Ball 3-2: Foul Ball, location: 2F 3-2: Fly out, F7 (Flyball, 7LSF, EV 92.5 MPH)
|
Bottom of the 3rd over - 0 runs, 0 hits, 0 errors, 0 left on base; Trenton 0 - Corpus Christi 3 |
TOP OF THE 4TH |
Trenton Thunder batting - Pitching for Corpus Christi Hooks : RHP Bill Garcia
|
Batting: LHB Bobby Upton
|
0-0: Ball 1-0: DOUBLE (Line Drive, 9LS, EV 110.6 MPH)
|
Batting: RHB Jose Tovar
|
0-0: Ball Wild Pitch! Bobby Upton to third 1-0: Foul Ball, location: 2F 1-1: Ground out 6-3 (Groundball, 56, EV 88.1 MPH) Bobby Upton scores
|
Batting: SHB David Stewart
|
0-0: Ball 1-0: Ball 2-0: Ball 3-0: Foul Ball, location: 2F 3-1: Base on Balls
|
Batting: RHB Sam Hubbert
|
0-0: Swinging Strike 0-1: Ball 1-1: Fly out, F7 (Flyball, 78S, EV 90.6 MPH)
|
Batting: RHB Christian Shearer
|
0-0: Swinging Strike 0-1: Called Strike 0-2: Ball 1-2: Ball David Stewart steals 2nd base 2-2: Ball 3-2: SINGLE (Groundball, 5S, EV 70.0 MPH) (infield hit) David Stewart to third
|
Batting: RHB Nazeeh Zubair
|
0-0: Ball 1-0: Foul Ball, location: 2F 1-1: Ball 2-1: Ball 3-1: Base on Balls Christian Shearer to second
|
Batting: RHB Dale Altman
|
0-0: Called Strike 0-1: Ground out U3 (Groundball, 34S, EV 87.5 MPH)
|
Top of the 4th over - 1 run, 2 hits, 0 errors, 3 left on base; Trenton 1 - Corpus Christi 3 |
BOTTOM OF THE 4TH |
Corpus Christi Hooks batting - Pitching for Trenton Thunder : RHP Aneirin Cadwallader
|
Batting: RHB Masaru Konno
|
0-0: Called Strike 0-1: Fly out, F9 (Flyball, 89M, EV 90.6 MPH)
|
Batting: RHB Workneh Lagat
|
0-0: SINGLE (Line Drive, 7S, EV 97.5 MPH)
|
Batting: RHB Ryan Salas
|
0-0: Ball 1-0: Swinging Strike 1-1: Called Strike 1-2: Strikes out looking
|
Batting: LHB Jackson Trottier
|
0-0: Called Strike 0-1: Called Strike 0-2: Strikes out swinging
|
Bottom of the 4th over - 0 runs, 1 hit, 0 errors, 1 left on base; Trenton 1 - Corpus Christi 3 |
TOP OF THE 5TH |
Trenton Thunder batting - Pitching for Corpus Christi Hooks : RHP Bill Garcia
|
Batting: RHB Phil Reeves
|
0-0: Called Strike 0-1: Ball 1-1: Swinging Strike 1-2: Strikes out swinging
|
Batting: RHB Alex Colon
|
0-0: Called Strike 0-1: Ground out 4-3 (Groundball, 4, EV 82.5 MPH)
|
Batting: LHB Bobby Upton
|
0-0: Ball 1-0: Called Strike 1-1: Swinging Strike 1-2: Fly out, F8 (Flyball, 8RM, EV 98.1 MPH)
|
Top of the 5th over - 0 runs, 0 hits, 0 errors, 0 left on base; Trenton 1 - Corpus Christi 3 |
BOTTOM OF THE 5TH |
Corpus Christi Hooks batting - Pitching for Trenton Thunder : RHP Aneirin Cadwallader
|
Batting: RHB Reginald McDougall
|
0-0: Swinging Strike 0-1: Ground out 5-3 (Groundball, 56, EV 84.4 MPH)
|
Batting: RHB Sean Mounts
|
0-0: Ball 1-0: SINGLE (Flyball, 4D, EV 90.6 MPH)
|
Batting: LHB Josh Birkner
|
0-0: Foul Ball, location: 2F 0-1: Foul Ball, location: 2F 0-2: Ball 1-2: Ball 2-2: Grounds out, U3 (Groundball, 3L, EV 78.8 MPH)
|
Batting: RHB Bruce Bermudez
|
0-0: Swinging Strike 0-1: Ball 1-1: Fly out, F7 (Flyball, 7LD, EV 103.1 MPH)
|
Bottom of the 5th over - 0 runs, 1 hit, 0 errors, 1 left on base; Trenton 1 - Corpus Christi 3 |
TOP OF THE 6TH |
Trenton Thunder batting - Pitching for Corpus Christi Hooks : RHP Bill Garcia
|
Batting: RHB Jose Tovar
|
0-0: Called Strike 0-1: Called Strike 0-2: Ball 1-2: Ball 2-2: Strikes out swinging
|
Batting: SHB David Stewart
|
0-0: Fly out, F8 (Flyball, 8LM, EV 87.5 MPH)
|
Batting: RHB Sam Hubbert
|
0-0: Ball 1-0: Ball 2-0: Called Strike 2-1: Foul Ball, location: 2F 2-2: Fly out, F8 (Flyball, 8LXD, EV 86.9 MPH)
|
Top of the 6th over - 0 runs, 0 hits, 0 errors, 0 left on base; Trenton 1 - Corpus Christi 3 |
BOTTOM OF THE 6TH |
Corpus Christi Hooks batting - Pitching for Trenton Thunder : RHP Aneirin Cadwallader
|
Batting: RHB Andrew Pride
|
0-0: Ball 1-0: Foul Ball, location: 2F 1-1: Ball 2-1: Fly out, F8 (Line Drive, 8RD, EV 103.8 MPH)
|
Batting: RHB Masaru Konno
|
0-0: Called Strike 0-1: SINGLE (Line Drive, 6D, EV 95.0 MPH)
|
Batting: RHB Workneh Lagat
|
0-0: SINGLE (Line Drive, 4MD, EV 100.6 MPH) Masaru Konno to second
|
Pitching: RHP Jimmy Williams
|
|
Batting: RHB Ryan Salas
|
0-0: Ball 1-0: Fielders Choice at 2nd, 3-6 (Groundball, 34S, EV 82.5 MPH) Masaru Konno to third
|
Batting: LHB Jackson Trottier
|
0-0: Ball 1-0: Called Strike 1-1: Fly out, F6 (Line Drive, 6, EV 62.5 MPH)
|
Bottom of the 6th over - 0 runs, 2 hits, 0 errors, 2 left on base; Trenton 1 - Corpus Christi 3 |
TOP OF THE 7TH |
Trenton Thunder batting - Pitching for Corpus Christi Hooks : RHP Bill Garcia
|
Batting: RHB Christian Shearer
|
0-0: Ball 1-0: Foul Ball, location: 2F 1-1: Swinging Strike 1-2: Foul Ball, location: 2F 1-2: Ball 2-2: Ball 3-2: Strikes out looking
|
Pitching: RHP Jayson Campbell
|
|
Batting: RHB Nazeeh Zubair
|
0-0: Ball 1-0: Called Strike 1-1: Called Strike 1-2: Foul Ball, location: 2F 1-2: Ball 2-2: Strikes out looking
|
Batting: RHB Dale Altman
|
0-0: Ball 1-0: Foul Ball, location: 2F 1-1: Ball 2-1: Ground out 5-3 (Groundball, 56, EV 105.6 MPH)
|
Top of the 7th over - 0 runs, 0 hits, 0 errors, 0 left on base; Trenton 1 - Corpus Christi 3 |
BOTTOM OF THE 7TH |
Corpus Christi Hooks batting - Pitching for Trenton Thunder : RHP Jimmy Williams
|
Batting: RHB Reginald McDougall
|
0-0: Called Strike 0-1: Swinging Strike 0-2: Ball 1-2: Ball 2-2: Foul Ball, location: 2F 2-2: Strikes out swinging
|
Batting: RHB Sean Mounts
|
0-0: Swinging Strike 0-1: Called Strike 0-2: Ball 1-2: Foul Ball, location: 2F 1-2: Ball 2-2: Ground out 1-3 (Groundball, 13S, EV 70.0 MPH)
|
Batting: LHB Josh Birkner
|
0-0: Swinging Strike 0-1: Ball 1-1: Swinging Strike 1-2: Ground out 4-3 (Groundball, 4, EV 75.6 MPH)
|
Bottom of the 7th over - 0 runs, 0 hits, 0 errors, 0 left on base; Trenton 1 - Corpus Christi 3 |
TOP OF THE 8TH |
Trenton Thunder batting - Pitching for Corpus Christi Hooks : RHP Jayson Campbell
|
Pitching: LHP Dzintars Balodis
|
|
Batting: RHB Phil Reeves
|
0-0: Ball 1-0: Swinging Strike 1-1: Fly out, F8 (Flyball, 8RXD, EV 80.0 MPH)
|
Batting: RHB Alex Colon
|
0-0: Ball 1-0: Called Strike 1-1: Ball 2-1: Foul Ball, location: 2F 2-2: Strikes out swinging, 2-3 out at first.
|
Batting: LHB Bobby Upton
|
0-0: Swinging Strike 0-1: Ball 1-1: Foul Ball, location: 2F 1-2: Ball 2-2: Strikes out swinging
|
Top of the 8th over - 0 runs, 0 hits, 0 errors, 0 left on base; Trenton 1 - Corpus Christi 3 |
BOTTOM OF THE 8TH |
Corpus Christi Hooks batting - Pitching for Trenton Thunder : RHP Jimmy Williams
|
Pitching: RHP Antonio Castillo
|
|
Batting: RHB Bruce Bermudez
|
0-0: Called Strike 0-1: TRIPLE (Flyball, 8LD, EV 98.8 MPH)
|
Batting: RHB Andrew Pride
|
0-0: Swinging Strike 0-1: Swinging Strike 0-2: Foul Ball, location: 2F 0-2: Foul Ball, location: 2F 0-2: Strikes out swinging
|
Batting: RHB Masaru Konno
|
0-0: Ball 1-0: Ball 2-0: Called Strike 2-1: Ground out 5-3 (Groundball, 56, EV 96.2 MPH) Bruce Bermudez scores
|
Batting: RHB Workneh Lagat
|
0-0: Ground out 5-3 (Groundball, 56S, EV 83.1 MPH)
|
Bottom of the 8th over - 1 run, 1 hit, 0 errors, 0 left on base; Trenton 1 - Corpus Christi 4 |
TOP OF THE 9TH |
Trenton Thunder batting - Pitching for Corpus Christi Hooks : LHP Dzintars Balodis
|
Pitching: LHP Miguel Yepez
|
|
Batting: RHB Jose Tovar
|
0-0: Swinging Strike 0-1: Ball 1-1: Foul Ball, location: 2F 1-2: Strikes out swinging
|
Batting: SHB David Stewart
|
0-0: Called Strike 0-1: Swinging Strike 0-2: Ball 1-2: Strikes out looking
|
Batting: RHB Sam Hubbert
|
0-0: Ball 1-0: Ball 2-0: Called Strike 2-1: SINGLE (Groundball, 4MD, EV 102.5 MPH)
|
Batting: RHB Christian Shearer
|
0-0: Swinging Strike 0-1: Ball 1-1: Ball 2-1: Ball 3-1: Foul Ball, location: 2F 3-2: Foul Ball, location: 2F 3-2: Strikes out swinging
|
Top of the 9th over - 0 runs, 1 hit, 0 errors, 1 left on base; Trenton 1 - Corpus Christi 4 |
|